 Dungeon Crawl Stone Soup version 0.20-a0-428-g059cf21 (webtiles) character file.

233 graymark the Magician (level 6, 0/36 HPs)
             Began as an Octopode Wizard on Jan 1, 2017.
             Slain by Edmund
             ... wielding a +8 antimagic dire flail
              (12 damage)
             ... on level 4 of the Dungeon.
             The game lasted 00:13:53 (3765 turns).

graymark the Magician (Octopode Wizard)             Turns: 3765, Time: 00:13:53

Health: 0/36       AC:  3    Str:  6    XL:     6   Next: 4%
Magic:  13/21      EV: 13    Int: 23    God:
Gold:   154        SH:  0    Dex: 10    Spells: 2/13 levels left

rFire  . . .     SeeInvis .     e - +2 short sword (venom)
rCold  . . .     Gourm    .     (no shield)
rNeg   . . .     Faith    .     a - +2 hat
rPois  .         Spirit   .     (no amulet)
rElec  .         Reflect  .     g - ring of magical power
rCorr  .         Harm     .     (no ring)
MR     .....                    (no ring)
Stlth  +++.......               (no ring)
                                (no ring)
                                (no ring)
                                (no ring)
                                (no ring)

@: no status effects
A: almost no armour, stealthy swim, amphibious, 8 rings, constrict 8, camouflage
1, gelatinous body 1
a: no special abilities


You were on level 4 of the Dungeon.
You were not hungry.

You visited 1 branch of the dungeon, and saw 4 of its levels.

You collected 154 gold pieces.

Inventory:

Hand Weapons
 d - a +0 dagger of speed
 e - a +2 short sword of venom (weapon)
 o - a +1 dagger of holy wrath
 r - a +0 blowgun
 u - a +0 dagger of freezing
Missiles
 v - 10 poisoned needles
Armour
 a - a +2 hat (worn)
Magical Staves
 y - an uncursed staff of cold
Jewellery
 g - a ring of magical power (left tentacle)
Scrolls
 i - a scroll of fog {unknown}
 k - 2 scrolls of fear
 m - a scroll of immolation {unknown}
 s - a scroll of blinking {unknown}
 w - a scroll of amnesia {unknown}
Potions
 f - a potion of haste {unknown}
 j - a potion of resistance
 l - a potion of invisibility
 q - 2 potions of brilliance
 t - 2 potions of heal wounds {unknown}
 z - a potion of flight {unknown}
Books
 b - a book of Minor Magic

   Spells                             Type                      Level
   a - Magic Dart                     Conjuration                  1
   b - Blink                          Translocation                2
   c - Call Imp                       Summoning                    2
   d - Repel Missiles                 Charms/Air                   2
   e - Slow                           Hexes                        2
   f - Conjure Flame                  Conjuration/Fire             3
   g - Mephitic Cloud                 Conjuration/Poison/Air       3
Comestibles
 c - 2 bread rations
 h - a royal jelly
 n - 3 meat rations
 p - 3 beef jerkies


   Skills:
 - Level 2.4 Dodging
 - Level 3.5 Stealth
 + Level 4.2 Spellcasting
 + Level 2.8 Conjurations
   Level 1.0 Summonings
 + Level 2.0 Translocations
 + Level 2.1 Fire Magic


You had 2 spell levels left.
You knew the following spells:

 Your Spells              Type           Power        Failure   Level  Hunger
a - Magic Dart            Conj           ###.         3%          1    None
b - Blink                 Tloc           N/A          10%         2    #......
c - Conjure Flame         Conj/Fire      ###.....     12%         3    ##.....
d - Repel Missiles        Chrm/Air       #.....       17%         2    #......
e - Mephitic Cloud        Conj/Pois/Air  #.......     24%         3    ##.....


Dungeon Overview and Level Annotations

Branches:
Dungeon (4/15)
 Temple: D:4-7

Altars:

Annotations:
D:4 Edmund, Sigmund


Innate Abilities, Weirdness & Mutations

You cannot wear most types of armour.
You are very stealthy in the water. (Stealth+)
You are amphibious.
You can wear up to eight rings at the same time.
You can use your tentacles to constrict eight enemies at once.
Your skin changes colour to match your surroundings (Stealth+).
Your rubbery body absorbs attacks. (AC +1, EV +1)


Message History

Edmund hits you with an antimagic dire flail!
You feel your power leaking away.
You hit Edmund.
Edmund looks even sicker.
Edmund is moderately wounded.
You constrict Edmund, but do no damage.
Edmund hits you with an antimagic dire flail!
You feel your power leaking away.
You hit Edmund but do no damage.
Edmund looks as sick as possible!
You squeeze Edmund.
Edmund is moderately wounded.
You constrict Edmund. Edmund completely misses you.
You hit Edmund.
Edmund looks as sick as possible!
Edmund is heavily wounded.
You constrict Edmund. Edmund misses you.
You hit Edmund.
Edmund is severely wounded.
You constrict Edmund, but do no damage.
Edmund asks, "Have you met my wondrous brother?"
Edmund hits you with an antimagic dire flail!
You die...

#.#
#.........#
.#. . #.#
#............
. . #.#
#............
. #.#
#..........##.
. #.#
#............
#.#
#..........#
#.#
#.........#
#.# #......#
....#.. #.#
####.@##
...(#.. #.#
##....@.#
....... #.#
#..####.#
.......
#.###.## #.#
.)(....
#.##..# #.##
.(..# #....##
#..###....#
#.####
##........#
#.#
#####.......
### ..>.###


You could see Edmund.

Vanquished Creatures
  3 orc wizards
  A worker ant (D:4)
  6 adders
  An ooze (D:2)
  3 worms
  A dart slug (D:3)
  3 leopard geckos
  2 orcs (D:4)
  3 giant cockroaches
  5 goblins
  7 hobgoblins (D:1)
  4 kobolds
  2 ball pythons
  8 bats
  A frilled lizard (D:1)
  A leopard gecko skeleton (D:4)
  8 rats
59 creatures vanquished.

Notes
Turn   | Place    | Note
-------+----------+-------------------------------------------
     0 | D:1      | graymark the Octopode Wizard began the quest for the Orb.
     0 | D:1      | Reached XP level 1. HP: 11/11 MP: 4/4
   254 | D:1      | Reached XP level 2. HP: 17/17 MP: 6/6
   378 | D:1      | Learned a level 2 spell: Blink
  1139 | D:1      | Reached XP level 3. HP: 15/21 MP: 7/7
  1144 | D:1      | Learned a level 3 spell: Conjure Flame
  1147 | D:1      | Learned a level 2 spell: Repel Missiles
  1545 | D:2      | Found a faded altar of an unknown god.
  1626 | D:2      | Reached XP level 4. HP: 22/27 MP: 9/9
  3072 | D:4      | Reached skill level 1 in Fire Magic
  3072 | D:4      | Reached XP level 5. HP: 22/31 MP: 10/10
  3309 | D:3      | Reached skill level 4 in Spellcasting
  3572 | D:4      | Reached XP level 6. HP: 36/36 MP: 12/12
  3589 | D:4      | Learned a level 3 spell: Mephitic Cloud
  3606 | D:4      | Noticed Edmund
  3611 | D:4      | Noticed Sigmund
  3765 | D:4      | Slain by Edmund

Vault maps used:
D:1:      minmay_arrival_hallway
D:2:      first_bread, chequers_ecumenical_altar_island
D:4:      nicolae_ossuary_entry_monument, uniq_sigmund, uniq_edmund

Skill      XL: |  1  2  3  4  5 |
---------------+----------------+-----
Stealth        | 3 |  3.5
Conjurations   | 2 |  2.8
Fire Magic     | 1 2 |  2.1
Spellcasting   | 4 |  4.2
Translocations | 2 |  2.0
Dodging        | |  2.4
Summonings     | |  1.0

Action                   |  1- 3 |  4- 6 || total
-------------------------+-------+-------++-------
Melee: Dagger            |    47 |    34 ||    81
       Constrict         |    11 |    14 ||    25
       Tentacles         |     4 |     8 ||    12
       Short sword       |       |    21 ||    21
 Fire: Blowgun           |       |     6 ||     6
 Cast: Magic Dart        |    35 |    65 ||   100
       Repel Missiles    |     1 |       ||     1
  Use: Scroll            |     2 |     7 ||     9
 Stab: Distracted        |     1 |       ||     1
       Sleeping          |     3 |     4 ||     7
  Eat: Chunk             |     2 |     7 ||     9
Armor: Skin              |     4 |     1 ||     5
Dodge: Dodged            |    23 |    19 ||    42
       Deflected         |       |     2 ||     2
